 Dungeon Crawl Stone Soup version 0.30-a0-1085-g990a428a5c (webtiles) character file.

Game seed: 6425894571948548458

7 xian the Vexing (level 1, -2/13 HPs)
             Began as a Demonspawn Enchanter on Apr 16, 2023.
             Slain by a goblin
             ... wielding a +2 dagger of venom
              (6 damage)
             ... on level 1 of the Dungeon.
             The game lasted 00:00:23 (217 turns).

xian the Vexing (Demonspawn Enchanter)               Turns: 217, Time: 00:00:24

Health: -2/13      AC:  2    Str:  8    XL:     1   Next: 83%
Magic:  3/3        EV: 12    Int: 16    God:
Gold:   22         SH:  0    Dex: 13    Spells: 4/4 levels left

rFire   . . .      SeeInvis .    e - +1 dagger (speed)
rCold   . . .      Faith    .    (no shield)
rNeg    . . .      Spirit   .    b - +0 robe
rPois   .          Reflect  .    (no helmet)
rElec   .          Rampage  .    (no cloak)
rCorr   .                        (no gloves)
Will    .....                    (no boots)
Stlth   ++                       (no amulet)
HPRegen 0.22/turn                (no ring)
MPRegen 0.08/turn                (no ring)

@: lethally poisoned (-2 -> -11)
A: no striking features
a: no special abilities


You were on level 1 of the Dungeon.
You visited 1 branch of the dungeon, and saw 1 of its levels.

You collected 22 gold pieces.

Inventory:

Hand Weapons
 e - a +1 dagger of speed (weapon)
Missiles
 d - 6 poisoned darts (quivered)
Armour
 b - a +0 robe (worn)
Potions
 a - a potion of heal wounds {unknown}
 c - 2 potions of invisibility


   Skills:
 + Level 1.0 Short Blades
 + Level 1.8 Dodging
 + Level 2.8 Stealth
 + Level 2.1 Spellcasting
 + Level 3.2 Hexes


You had 4 spell levels left.
You didn't know any spells.
Your spell library contained the following spells:

 Spells                   Type           Power      Damage    Failure   Level
 Ensorcelled Hibernation  Hex/Ice        12%        N/A       16%         2
 Confusing Touch          Hex            12%        N/A       16%         3
 Tukima's Dance           Hex            12%        N/A       16%         3
 Dazzling Flash           Conj/Hex       12%        N/A       32%         3


Dungeon Overview and Level Annotations

Branches:
Dungeon (1/15)

Altars:


Message History

You closely miss the kobold.
The kobold is moderately wounded.
The kobold hits you but does no damage.
You hit the kobold.
The kobold is heavily wounded.
The kobold hits you with a +0 dagger.
You closely miss the kobold.
The kobold is heavily wounded.
You miss the kobold.
The kobold is heavily wounded.
The kobold closely misses you.
You hit the kobold.
You kill the kobold!
You see here a +0 dagger.
Found a stone staircase leading down.
Found a stone staircase leading down.
There is a stone staircase leading down here.
You now have 12 gold pieces.
a - a pink potion
Found a robe.
You now have 22 gold pieces (gained 10).
A hobgoblin comes into view.
Found a puce potion.
The hobgoblin shouts!
You hear a shout!
A goblin comes into view. It is wielding a +2 dagger of venom.
The goblin shouts!
The hobgoblin barely misses you.
You hit the hobgoblin.
You kill the hobgoblin!
Your Short Blades skill increases to level 1!
The goblin hits you but does no damage.
You are poisoned.
You feel very sick. The goblin completely misses you.
Found a leather armour.
You feel sick.
The goblin hits you with a +2 dagger of venom.
You are lethally poisoned!
You feel very sick.
The goblin hits you with a +2 dagger of venom.
You die...

############
#....!...g@#######
#.####...........[
#####.#
#.#######.##. ..
.....# #.#
.#####..####.#######
.................$..
.......^####.###.###
........####.#
...........#.#


You could see a goblin.

Vanquished Creatures
  An endoplasm (D:1)
  A goblin (D:1)
  A hobgoblin (D:1)
  A kobold (D:1)
  2 rats (D:1)
6 creatures vanquished.

Notes
Turn   | Place    | Note
-------+----------+-------------------------------------------
     0 | D:1      | xian the Demonspawn Enchanter began the quest for the Orb.
     0 | D:1      | Reached XP level 1. HP: 13/13 MP: 3/3
   211 | D:1      | Reached skill level 1 in Short Blades
   217 | D:1      | Slain by a goblin

Illustrated notes

Levels and vault maps discovered:
D:1:      dpeg_arrival_arbitrary_a, layout_loops_ring

Skill      XL: |  1 |
---------------+----+-----
Short Blades   | 1 |  1.0
Dodging        | |  1.8
Stealth        | |  2.8
Spellcasting   | |  2.1
Hexes          | |  3.2

Action                     || total
---------------------------++-------
  Melee: Dagger            ||    23
 Armour: Robe              ||     4
  Dodge: Dodged            ||    10

Table legend: (Time is in decaauts)
 A = Elapsed time spent in this place.
 B = Non-inter-level travel time spent in this place.
 C = Inter-level travel time spent in this place.
 D = Time resting spent in this place.
 E = Time spent auto-exploring this place.
 F = Levels seen in this place.
 G = Mean time per level.
                   A        B        C        D        E       F      G
               +--------+--------+--------+--------+--------+-----+--------+
         Total |    211 |    211 |      0 |      0 |    158 |   1 |  211.0 |
       Dungeon |    211 |    211 |      0 |      0 |    158 |   1 |  211.0 |
               +--------+--------+--------+--------+--------+-----+--------+

Top non-repeatable levels by time:
     D:1: 211 daAuts
